 Dungeon Crawl Stone Soup version 0.29-a0-789-g7a8fcbc185 (webtiles) character file.

Game seed: 14920433917357807093

50 quinnr the Gusty (level 3, -2/19 HPs)
             Began as a Tengu Air Elementalist on July 2, 2022.
             Slain by an orc
             ... wielding a +0 club
              (5 damage)
             ... on level 1 of the Dungeon.
             The game lasted 00:02:24 (1645 turns).

quinnr the Gusty (Tengu Air Elementalist)           Turns: 1645, Time: 00:02:25

Health: -2/19      AC:  2    Str:  8    XL:     3   Next: 79%
Magic:  2/7        EV: 12    Int: 17    God:
Gold:   26         SH:  0    Dex: 14    Spells: 5/6 levels left

rFire   . . .      SeeInvis .   (no weapon)
rCold   . . .      Faith    .   (no shield)
rNeg    . . .      Spirit   .   a - +0 robe
rPois   .          Reflect  .   (helmet restricted)
rElec   .          Harm     .   (no cloak)
rCorr   .          Rampage  .   (no gloves)
Will    .....                   (boots unavailable)
Stlth   ++........              (no amulet)
HPRegen 0.06/turn               (no ring)
MPRegen 0.10/turn               (no ring)

@: no status effects
A: beak, talons 3
a: no special abilities


You were on level 1 of the Dungeon.
You visited 1 branch of the dungeon, and saw 2 of its levels.

You collected 26 gold pieces.

Inventory:

Armour
 a - a +0 robe (worn)
 i - an orb of energy
Scrolls
 c - a scroll of fear {unknown}
 e - 2 scrolls of teleportation {unknown}
 f - a scroll of torment {unknown}
 g - a scroll of brand weapon {unknown}
 h - a scroll of enchant armour {unknown}
 j - a scroll of fog {unknown}
Potions
 b - a potion of magic
 d - a potion of mutation {unknown}


   Skills:
 - Level 2.1 Dodging
 - Level 2.0 Stealth
 - Level 2.0 Spellcasting
 - Level 1.3 Conjurations
 * Level 6.1 Air Magic


You had 5 spell levels left.
You knew the following spells:

 Your Spells              Type           Power      Damage    Failure   Level
a - Shock                 Conj/Air       56%        1d6       4%          1

Your spell library contained the following spells:

 Spells                   Type           Power      Damage    Failure   Level
 Swiftness                Air            22%        N/A       4%          3
 Static Discharge         Conj/Air       14%        3-5/arc   6%          2
 Airstrike                Air            11%        0-5+      16%         4


Dungeon Overview and Level Annotations

Branches:
Dungeon (2/15)

Altars:


Innate Abilities, Weirdness & Mutations

You have a beak for a mouth.
You have claws for feet.


Message History

The orc attacks as you move away! The orc hits you with a +0 hand axe.
The orc attacks as you move away! The orc hits you with a +0 hand axe.
The orc hits you with a +0 hand axe. The orc attacks as you move away!
The orc closely misses you.
The zap hits the orc.
You kill the orc!
An orc is nearby!
An orc is nearby!
An orc is nearby!
An orc is nearby!
You are out of magic!
The zap hits the orc but does no damage. x2
The zap hits the orc.
The orc is severely wounded.
The zap misses the orc.
The orc hits you with a +0 club. The orc attacks as you move away!
The orc closely misses you. The orc attacks as you move away!
The orc closely misses you. The orc attacks as you move away!
The orc closely misses you. The orc attacks as you move away!
The orc closely misses you. The orc attacks as you move away!
The orc hits you with a +0 club.
An orc and an orc priest come into view.
The orc hits you but does no damage.
The orc priest shouts!
The orc misses you. The orc closely misses you.
The orc priest calls upon Beogh to heal the orc.
The orc's wounds heal themselves!
The orc closely misses you. The orc attacks as you move away!
The orc hits you with a +0 club.
You see here a +0 short sword.
The orc attacks as you move away! The orc hits you with a +0 club.
* * * LOW HITPOINT WARNING * * *
The orc attacks as you move away! The orc barely misses you.
There is a stone staircase leading up here.
You climb upwards.
There is a stone staircase leading down here.
You are too injured to fight recklessly!
Unknown command.
The orc attacks as you move away! The orc hits you with a +0 club.
You die...

.#### #...## ###...#####. ####
#######.#.##########.....#.
.รท.####.....#..........#######.##
##.................###..........#
####...............###..........
#...............# ##........#
#...............####........#
#.....................>.....#
#...........@...####........#
######..........o..## ##########
....g.......#.....##
###################


You could see an orc.

Vanquished Creatures
  An adder (D:2)
  An ufetubus (D:2)
  A dart slug (D:1)
  2 orcs (D:2)
  3 ball pythons
  2 endoplasms (D:1)
  3 giant cockroaches
  2 goblins (D:1)
  3 hobgoblins
  4 kobolds (D:1)
  2 quokkas (D:1)
  2 bats (D:1)
  A frilled lizard (D:1)
  3 rats (D:1)
30 creatures vanquished.

Notes
Turn   | Place    | Note
-------+----------+-------------------------------------------
     0 | D:1      | quinnr the Tengu Air Elementalist began the quest for the
                  | Orb.
     0 | D:1      | Reached XP level 1. HP: 10/10 MP: 4/4
   217 | D:1      | Reached XP level 2. HP: 15/15 MP: 1/6
   366 | D:1      | Reached skill level 5 in Air Magic
   692 | D:1      | Found a faded altar of an unknown god.
   997 | D:1      | Reached XP level 3. HP: 19/19 MP: 4/7
  1527 | D:2      | Reached skill level 6 in Air Magic
  1645 | D:1      | Slain by an orc

Illustrated notes

Levels and vault maps discovered:
D:1:      psy_arrival_terrarium, layout_rooms,
          ebering_ecumenical_altar_petrified
D:2:      layout_basic, minmay_misc_feat_room

Skill      XL: |  1  2  3 |
---------------+----------+-----
Air Magic      | 5 6 |  6.1
Dodging        | |  2.1
Stealth        | |  2.0
Spellcasting   | |  2.0
Conjurations   | |  1.3

Action                   || total
-------------------------++-------
Melee: Unarmed           ||     4
       Kick              ||     1
 Cast: Shock             ||    74
Armor: Robe              ||     2
Dodge: Dodged            ||    17

Table legend: (Time is in decaauts)
 A = Elapsed time spent in this place.
 B = Non-inter-level travel time spent in this place.
 C = Inter-level travel time spent in this place.
 D = Time resting spent in this place.
 E = Time spent auto-exploring this place.
 F = Levels seen in this place.
 G = Mean time per level.
                   A        B        C        D        E       F      G
               +--------+--------+--------+--------+--------+-----+--------+
         Total |   1645 |   1621 |     24 |    117 |   1269 |   2 |  822.5 |
       Dungeon |   1645 |   1621 |     24 |    117 |   1269 |   2 |  822.5 |
               +--------+--------+--------+--------+--------+-----+--------+

Top non-repeatable levels by time:
     D:1: 1134 daAuts
     D:2: 510 daAuts
